cohdb
Replays
Latest Replays
All Replays
Popular Replays
Top Player Replays
Match Explorer
How It Works
Community
CoH3 Stats
Reddit
Sign in to upload your games and track your stats! →
Sign in with Steam
Match 46059555
Unlisted
Match 46059555
Overview
Messages
Build Orders
End
Construct Infanterie Kompanie
Selects Terror Battlegroup
Selects Machine Gun Camouflage
MG 42 Machine Gun Team
Grenadier Squad
MG 42 Machine Gun Team
Medical Station
Construct Luftwaffe Kompanie
221 Scout Car
Jäger Squad
Jäger Squad
Luftwaffe Officer Quarters
Jäger Squad
Selects Interrogate
Support Elements
Wirbelwind Flakpanzer
Cymon
Red
Elbehiri
[KMLT]Merlin
[KMLT]Karadoc
Saito
0
0
Comments
sign in to comment!
No comments posted yet!